 Dungeon Crawl Stone Soup version 0.27.1-34-g3ba077fa99 (webtiles) character file.

Game seed: 4946511067499472514

3868 sankara the Martial Artist (level 9, -1/82 HPs)
             Began as a Minotaur Monk on Jan 22, 2022.
             Was a Believer of Okawaru.
             Slain by a two-headed ogre (24 damage)
             ... on level 8 of the Dungeon.
             The game lasted 00:11:29 (8991 turns).

sankara the Martial Artist (Minotaur Monk)          Turns: 8991, Time: 00:11:30

Health: -1/82      AC: 14    Str: 16    XL:     9   Next: 99%
Magic:  8/8        EV:  8    Int:  7    God:    Okawaru [**....]
Gold:   410        SH:  0    Dex: 16    Spells: 8/8 levels left

rFire    . . .     SeeInvis .     - Unarmed
rCold    . . .     Faith    .   (no shield)
rNeg     + . .     Spirit   .   g - +0 plate armour
rPois    .         Reflect  .   (helmet restricted)
rElec    .         Harm     .   (no cloak)
rCorr    .         Rampage  .   (no gloves)
Will     .....                  i - +0 pair of boots
Stlth    ..........             (no amulet)
HPRegen  0.23/turn              j - ring of positive energy
MPRegen  0.11/turn              (no ring)

@: no status effects
A: horns 2, retaliatory headbutt
a: Renounce Religion, Heroism


You were on level 8 of the Dungeon.
You worshipped Okawaru.
Okawaru was pleased with you.
You visited 2 branches of the dungeon, and saw 9 of its levels.

You collected 410 gold pieces.

Inventory:

Missiles
 d - 178 stones
 e - 58 sling bullets
 k - 5 boomerangs
 v - 2 curare-tipped darts
 w - a poisoned dart (quivered)
 A - 2 javelins
Armour
 g - a +0 plate armour (worn)
 i - a +0 pair of boots (worn)
Jewellery
 j - a ring of positive energy (left hand)
Wands
 h - a wand of iceblast (5)
 p - a wand of flame (44)
 t - a wand of mindburst (19)
 z - a wand of polymorph (5)
 C - a wand of acid (7)
Scrolls
 b - a scroll of amnesia {unknown}
 c - 4 scrolls of teleportation {unknown}
 f - 7 scrolls of identify {unknown}
 n - a scroll of fear {unknown}
 o - a scroll of noise {unknown}
 u - 2 scrolls of enchant armour {unknown}
 y - a scroll of holy word {unknown}
 B - a scroll of enchant weapon {unknown}
Potions
 a - a potion of mutation {unknown}
 l - 2 potions of heal wounds
 m - 2 potions of curing
 q - a potion of haste
 r - 3 potions of degeneration {unknown}
 s - 3 potions of might {unknown}
 x - 2 potions of magic {unknown}


   Skills:
 + Level 8.6 Fighting
 + Level 7.4 Armour
 + Level 7.8 Dodging
 - Level 1.5 Stealth
 * Level 10.5 Unarmed Combat


You had 8 spell levels left.
You didn't know any spells.
Your spell library was empty.

Dungeon Overview and Level Annotations

Branches:
Dungeon (8/15)             Temple (1/1) D:7
   Lair: D:8-11

Altars:
Ashenzari
Cheibriados
Gozag
Kikubaaqudgha
Nemelex Xobeh
Okawaru
Qazlal
Ru
Sif Muna
Vehumet
Wu Jian
Xom
Yredelemnul
Zin
The Shining One

Shops:
D:4 (   D:5 [


Innate Abilities, Weirdness & Mutations

You have a pair of horns on your head.
You reflexively headbutt those who attack you in melee.


Message History

Aim: a two-headed ogre, wielding a +0 giant spiked club and a +0 giant club (76% to hit)
You throw a poisoned dart.
The poisoned dart hits the two-headed ogre.
The two-headed ogre is poisoned.
You hit the two-headed ogre.
Your headbutt misses the two-headed ogre.
The two-headed ogre is lightly wounded.
You hit the two-headed ogre.
Your headbutt misses the two-headed ogre.
The two-headed ogre is lightly wounded.
The two-headed ogre completely misses you.
The two-headed ogre barely misses you. The shadow imp hits you.
You barely miss the two-headed ogre. You headbutt the two-headed ogre!
The two-headed ogre is moderately wounded.
The shadow imp hits you but does no damage.
The two-headed ogre barely misses you.
The two-headed ogre hits you with a +0 giant club!
You barely miss the two-headed ogre.
The two-headed ogre is moderately wounded.
The shadow imp hits you but does no damage.
You barely miss the two-headed ogre.
The two-headed ogre is moderately wounded.
The two-headed ogre completely misses you.
The two-headed ogre hits you with a +0 giant club!!
You punch the two-headed ogre! You headbutt the two-headed ogre.
The two-headed ogre is heavily wounded.
The two-headed ogre looks more healthy.
The shadow imp hits you but does no damage.
You hit the two-headed ogre. You headbutt the two-headed ogre.
The two-headed ogre is severely wounded.
The two-headed ogre hits you with a +0 giant spiked club!!
The two-headed ogre hits you with a +0 giant club!
* * * LOW HITPOINT WARNING * * *
The shadow imp barely misses you.
You hit the two-headed ogre.
The two-headed ogre is severely wounded.
The shadow imp hits you but does no damage.
The two-headed ogre closely misses you.
The two-headed ogre hits you with a +0 giant club!!
You die...

#. ..#.. #.
....## . ..
#.....# [.
#.###.......
...#..#........
...............
...............
......5@.......
.......O.......
#......(##.....
##....(.[ ....
......#.. ...
.....####. ..
#...# # . #...


You could see a two-headed ogre and a shadow imp.

Vanquished Creatures
  A shadow (D:6)
  6 yaks
  A water moccasin (D:5)
  An ice beast (D:5)
  A black bear (D:6)
  A sky beast (D:7)
  An orc warrior (D:6)
  3 necrophages
  2 ogres
  2 centaurs
  3 phantoms
  A kobold brigand (D:4)
  Blork the orc (D:6)
  A bullfrog (D:4)
  A gnoll sergeant (D:7)
  3 scorpions
  A wyvern skeleton (D:6)
  A water moccasin skeleton (D:3)
  5 wights (D:6)
  A howler monkey (D:4)
  A centaur zombie (D:6)
  4 hounds
  2 jellies
  2 orc priests
  Jessica (D:3)
  Natasha (thrice) (D:3)
  5 iguanas
  An orc wizard (D:7)
  9 gnolls
  7 adders
  A white imp (D:7)
  An ufetubus (D:5)
  3 dart slugs
  20 orcs
  3 ball pythons (D:1)
  3 endoplasms
  3 giant cockroaches
  9 goblins
  2 hobgoblins
  3 jackals (D:4)
  4 quokkas
  4 bats
  4 frilled lizards
  2 kobolds
  11 rats
145 creatures vanquished.

Notes
Turn   | Place    | Note
-------+----------+-------------------------------------------
     0 | D:1      | sankara the Minotaur Monk began the quest for the Orb.
     0 | D:1      | Reached XP level 1. HP: 19/19 MP: 0/0
   187 | D:1      | Reached XP level 2. HP: 27/27 MP: 1/1
   584 | D:1      | Found a faded altar of an unknown god.
   909 | D:2      | Reached skill level 4 in Unarmed Combat
   909 | D:2      | Reached XP level 3. HP: 28/33 MP: 2/2
  1067 | D:2      | Reached skill level 1 in Armour
  1353 | D:2      | Reached XP level 4. HP: 21/40 MP: 3/3
  2277 | D:3      | Reached XP level 5. HP: 47/47 MP: 4/4
  2696 | D:3      | Noticed Jessica
  2704 | D:3      | Killed Jessica
  2705 | D:3      | Reached skill level 5 in Unarmed Combat
  2861 | D:3      | Noticed Natasha
  2871 | D:3      | Killed Natasha
  2951 | D:3      | Noticed Natasha
  2960 | D:3      | Killed Natasha
  2974 | D:3      | Noticed Natasha
  2979 | D:3      | Killed Natasha
  2980 | D:3      | Reached XP level 6. HP: 55/55 MP: 5/5
  3619 | D:4      | Reached skill level 5 in Fighting
  3654 | D:4      | Reached skill level 6 in Unarmed Combat
  3981 | D:4      | Found Yzogyapt's Weapon Shoppe.
  4042 | D:4      | Reached XP level 7. HP: 58/61 MP: 6/6
  4054 | D:4      | Reached skill level 5 in Dodging
  4261 | D:5      | Entered Level 5 of the Dungeon
  4261 | D:5      | Noticed a yak
  4261 | D:5      | Noticed a yak
  4261 | D:5      | Noticed a yak
  4261 | D:5      | Noticed a yak
  4262 | D:5      | Noticed a yak
  4262 | D:5      | Noticed a yak
  4270 | D:4      | Killed a yak
  4271 | D:4      | Reached skill level 7 in Unarmed Combat
  4364 | D:3      | Killed a yak
  4365 | D:3      | Reached XP level 8. HP: 39/70 MP: 7/7
  4709 | D:4      | Reached skill level 5 in Armour
  4746 | D:3      | Reached skill level 8 in Unarmed Combat
  5558 | D:5      | Reached XP level 9. HP: 61/79 MP: 8/8
  5681 | D:5      | Identified the +2 helmet of Hubris {rElec rC- Dex+4}
  5789 | D:5      | Reached skill level 9 in Unarmed Combat
  5917 | D:5      | Found Xenkal's Armour Emporium.
  7096 | D:6      | Noticed Blork the orc
  7127 | D:6      | Killed Blork the orc
  7130 | D:6      | Reached skill level 10 in Unarmed Combat
  7978 | D:7      | Found a faded altar of an unknown god.
  7978 | D:7      | Found a faded altar of an unknown god.
  7985 | D:7      | Found a broken altar of Ashenzari.
  7987 | D:7      | Found a sacrificial altar of Ru.
  7989 | D:7      | Found an opulent altar of Gozag.
  8010 | D:7      | Found a staircase to the Ecumenical Temple.
  8025 | Temple   | Entered the Ecumenical Temple
  8064 | Temple   | Became a worshipper of Warmaster Okawaru
  8064 | Temple   | Reached * piety under Okawaru
  8064 | Temple   | Reached ** piety under Okawaru
  8981 | D:8      | Noticed a two-headed ogre
  8991 | D:8      | Slain by a two-headed ogre

Illustrated notes

Levels and vault maps discovered:
D:1:      lightli_molten_gateway, layout_basic,
          shapermc_ecumenical_altar_mp_urbaneastern, minmay_strange_pillars,
          serial_park_tiny_pond, hangedman_decor_lopped, minmay_pentomino_o2
D:2:      layout_loops_ring
D:3:      layout_loops_cross, minivault_19, uniq_natasha, uniq_jessica
D:4:      layout_rooms, serial_shops, nicolae_square_shop, chequers_garden,
          minmay_divided_ellipse
D:5:      layout_loops_ring, serial_shops, shop
D:6:      layout_gridville, minmay_diced_spiral, uniq_blork_the_orc
D:7:      layout_cave_pools, chequers_temple_overflow_minitemple,
          minmay_temple_entry_large_hall
D:8:      layout_layer_cave, mainiacjoe_overflow_alcove_2, lair_entry_dummy
Temple:   minmay_temple_forest_path

Skill      XL: |  1  2  3  4  5  6  7  8  9 |
---------------+----------------------------+-----
Fighting       | 4 5 6 7 8 |  8.6
Unarmed Combat | 4 5 6 7 8 10 | 10.5
Armour         | 1 2 3 4 5 7 |  7.4
Dodging        | 4 5 6 7 |  7.8
Stealth        | |  1.5

Action                   |  1- 3 |  4- 6 |  7- 9 || total
-------------------------+-------+-------+-------++-------
Melee: Unarmed           |    70 |   155 |   321 ||   546
       Headbutt          |    21 |    19 |    64 ||   104
       Punch             |       |     2 |     9 ||    11
Throw: Dart              |       |       |     2 ||     2
  Use: Potion            |       |       |     6 ||     6
Armor: Plate armour      |    19 |    96 |   182 ||   297
       Robe              |     2 |       |       ||     2
Dodge: Dodged            |    30 |    33 |   102 ||   165
